 Dungeon Crawl Stone Soup version 0.17.1-1-g73c8601 (webtiles) character file.

11241 nimroz the Bludgeoner (level 11, -23/100 (101) HPs)
             Began as a Minotaur Berserker on Dec 20, 2015.
             Was a High Priest of Trog.
             Killed from afar by Josephine (30 damage)
             ... with a ghostly fireball
             ... on level 3 of the Orcish Mines.
             The game lasted 00:46:18 (9106 turns).

nimroz the Bludgeoner (Minotaur Berserker)          Turns: 9106, Time: 00:46:18

HP:   -23/100 (101) AC: 10    Str: 24    XL:     11   Next: 46%
MP:   10/10         EV: 10    Int:  4    God:    Trog [*****.]
Gold: 1356          SH:  8    Dex: 15    Spells: 0 memorised, 10 levels left

rFire  . . .     SeeInvis .     R - +3 eveningstar
rCold  . . .     Clarity  .     a - +1 troll leather armour
rNeg   . . .     SustAt   .     T - +0 shield
rPois  .         Gourm    .     (helmet restricted)
rElec  .         Spirit   .     l - +0 cloak
rCorr  .         Warding  .     (no gloves)
rMut   +         Stasis   .     t - +1 pair of boots
MR     ++...                    u - amulet of resist mutation
Stlth  +.........               o - +4 ring of dexterity
                                J - +1 ring of evasion

@: regenerating, slowed, very slow, very resistant to hostile enchantments, very
unstealthy
A: retaliatory headbutt, horns 2
a: Berserk, Trog's Hand, Brothers in Arms, Burn Spellbooks, Renounce Religion


You were on level 3 of the Orcish Mines.
You worshipped Trog.
Trog was extremely pleased with you.
You were not hungry.

You visited 2 branches of the dungeon, and saw 13 of its levels.

You collected 1356 gold pieces.

Inventory:

Hand Weapons
 h - a +2 mace of protection
 j - a +0 dire flail
 p - the +0 morningstar "Zanguheck" {flame, rF+}
   (You found it on level 10 of the Dungeon)

   It has been specially enchanted to burn those struck by it, causing extra
   injury to most foes and up to half again as much damage against particularly
   susceptible opponents.
   It protects you from fire.
 w - a +0 flail
 x - a +1 whip of venom
 R - a +3 eveningstar (weapon)
Armour
 a - a +1 troll leather armour (worn)
 l - a +0 cloak (worn)
 t - a +1 pair of boots (worn)
 S - a +0 chain mail
 T - a +0 shield (worn)
Rods
 b - a +0 rod of clouds (9/9)
   (You found it on level 4 of the Dungeon)
Jewellery
 g - a +4 ring of intelligence
 i - an uncursed amulet of stasis
 o - a +4 ring of dexterity (right hand)
 u - an amulet of resist mutation (around neck)
 y - an uncursed ring of loudness
 E - an uncursed ring of positive energy {unknown}
 J - a +1 ring of evasion (left hand)
Wands
 N - a wand of paralysis (11)
 O - a wand of slowing (12)
 Q - a wand of confusion (28)
Scrolls
 e - a scroll of enchant armour
 r - 3 scrolls of recharging
 G - 3 scrolls of identify
 H - 3 scrolls of magic mapping
 I - 2 scrolls of remove curse
Potions
 f - 3 potions of cancellation {unknown}
 k - 5 potions of brilliance {unknown}
 n - 2 potions of haste {unknown}
 q - 3 potions of mutation {unknown}
 s - 2 potions of ambrosia {unknown}
 v - 3 potions of agility {unknown}
 z - 2 potions of flight {unknown}
 A - a potion of poison {unknown}
 B - 4 potions of heal wounds {unknown}
 C - 2 potions of might
 D - a potion of invisibility {unknown}
 L - 2 potions of degeneration {unknown}
Miscellaneous
 P - a phantom mirror
Comestibles
 c - 3 bread rations
 d - 5 beef jerkies
 m - a meat ration
 F - a slice of pizza
 K - 2 fruits
 M - 6 royal jellies


   Skills:
 + Level 10.6 Fighting
 * Level 17.0 Maces & Flails
 + Level 7.7 Armour
 - Level 2.1 Dodging
 + Level 0.2 Shields


You had 10 spell levels left.
You didn't know any spells.

Dungeon Overview and Level Annotations

Branches:
Dungeon (10/15)            Temple (0/1) D:6            Lair (0/8) D:10
    Orc (3/4) D:10            Elf (0/3) Orc:3

Altars:
Dithmenos
Elyvilon
Fedhas
Makhleb
Nemelex Xobeh
Okawaru
Qazlal
Ru
Trog
Xom
Yredelemnul
Zin
The Shining One

Shops:
D:4 *   D:9 *   Orc:2 :

Annotations:
Orc:3 Josephine


Innate Abilities, Weirdness & Mutations

You reflexively headbutt those who attack you in melee.
You have a pair of horns on your head.


Message History

Trog accepts your kill. You block Josephine's attack.
You sock Josephine!
Josephine is lightly wounded.
Josephine hits you with a dagger.
* * * LOW HITPOINT WARNING * * *
The wraith barely misses you. You furiously retaliate!
You headbutt the wraith, but do no damage.
The wraith hits you.
* * * LOW HITPOINT WARNING * * *
You thump the wraith!
You destroy the wraith!
Your Maces & Flails skill increases to level 17!
Josephine hits you with a dagger.
* * * LOW HITPOINT WARNING * * *
The wraith hits you!
* * * LOW HITPOINT WARNING * * *
Josephine casts a spell at you.
The ghostly flame explodes!
The ghostly fireball engulfs you!
You die...

#..............
##............. ##
#..........#.. ##.#
##............ #...#
###.><.......
#...######.#....#....
#....#..#............
#..............<...).
#...@...#............
##..#.o#.............
####@W..............
##.##.............##
#...#............##
#..................
.....##.....#......
..... ##)...#$...#.
.#.......).#....##


You could see Josephine, a wraith and an orc.

Vanquished Creatures
  Donald (Orc:3)
  Erolcha (D:9)
  The ghost of mif the Bludgeoner, a novice MiBe of Trog (D:8)
  Nergalle (D:10)
  Pikel (D:7)
  A kobold demonologist (D:10)
  A troll (D:10)
  Grinder (D:3)
  4 wraiths (Orc:3)
  Grum (D:8)
  3 wolves (D:8)
  2 hippogriffs
  A soldier ant (D:8)
  A sky beast (D:6)
  4 wargs
  A water moccasin (D:10)
  A phantom (D:5)
  2 ice beasts
  4 ogres
  5 orc warriors
  A necrophage (D:10)
  A spider (D:8)
  A black bear (D:10)
  A wasp (D:8)
  A crocodile (D:7)
  2 gnoll sergeants
  A big kobold (D:10)
  7 giant frogs
  A scorpion (D:6)
  3 killer bees (D:10)
  A giant frog zombie (D:8)
  A quasit (D:9)
  4 hounds
  10 orc priests
  8 crimson imps
  3 iguanas
  2 centaur skeletons
  2 giant frog skeletons
  17 orc wizards
  Jessica (D:2)
  Natasha (thrice) (D:3)
  8 worker ants
  3 hound zombies
  A hound skeleton (D:6)
  A worker ant zombie (D:6)
  13 gnolls
  10 adders
  3 shadow imps
  2 oozes
  An adder zombie (D:3)
  An adder skeleton (D:4)
  4 giant geckos
  66 orcs
  3 ball pythons
  2 giant cockroaches
  10 hobgoblins
  14 jackals
  15 kobolds
  4 quokkas
  3 bats
  2 goblins
  2 goblin skeletons (D:9)
  A hobgoblin zombie (D:9)
  A jackal skeleton (D:4)
  2 kobold skeletons (D:9)
  3 orc zombies (D:9)
  7 rats
290 creatures vanquished.

Vanquished Creatures (collateral kills)
  Harold (Orc:3)
  An orc (Orc:3)
2 creatures vanquished.

Vanquished Creatures (others)
  A slave (D:7)
  A worker ant zombie (D:7)
  An orc (D:8)
  A jackal (D:7)
  A quokka zombie (D:7)
5 creatures vanquished.

Grand Total: 297 creatures vanquished

Notes
Turn   | Place    | Note
--------------------------------------------------------------
     0 | D:1      | nimroz the Minotaur Berserker began the quest for the Orb.
     0 | D:1      | Reached XP level 1. HP: 19/19 MP: 0/0
   547 | D:1      | Reached XP level 2. HP: 27/27 MP: 1/1
   871 | D:2      | Reached skill level 4 in Maces & Flails
   945 | D:2      | Found a glowing silver altar of Zin.
   946 | D:2      | Noticed an angel
  1073 | D:2      | Reached XP level 3. HP: 11/33 MP: 2/2
  1305 | D:2      | Noticed Jessica
  1310 | D:2      | Killed Jessica
  1435 | D:2      | Found a sparkling altar of Nemelex Xobeh.
  1440 | D:2      | Reached skill level 5 in Maces & Flails
  1446 | D:2      | Reached XP level 4. HP: 38/41 MP: 3/3
  1559 | D:3      | Reached ** piety under Trog
  1687 | D:3      | Reached XP level 5. HP: 26/47 MP: 4/4
  1690 | D:3      | Noticed Natasha
  1718 | D:3      | Killed Natasha
  1718 | D:3      | Reached skill level 6 in Maces & Flails
  1731 | D:3      | Noticed Natasha
  1736 | D:3      | Killed Natasha
  1763 | D:3      | Noticed Natasha
  1766 | D:3      | Killed Natasha
  1803 | D:3      | Found a blossoming altar of Fedhas.
  1933 | D:3      | Noticed Grinder
  1944 | D:3      | Killed Grinder
  1944 | D:3      | Reached skill level 5 in Fighting
  1944 | D:3      | Reached skill level 7 in Maces & Flails
  1944 | D:3      | Reached XP level 6. HP: 44/56 MP: 5/5
  2821 | D:4      | Reached XP level 7. HP: 61/61 MP: 6/6
  2931 | D:4      | Found Mymijana's Assorted Antiques.
  2951 | D:4      | Reached skill level 8 in Maces & Flails
  3205 | D:4      | Found an iron altar of Okawaru.
  3460 | D:5      | Entered Level 5 of the Dungeon
  3471 | D:5      | Found a sacrificial altar of Ru.
  3540 | D:5      | Reached skill level 9 in Maces & Flails
  3540 | D:5      | Reached skill level 5 in Armour
  3616 | D:5      | Found a shimmering altar of Xom.
  3626 | D:5      | Reached XP level 8. HP: 69/71 MP: 7/7
  3659 | D:5      | Reached *** piety under Trog
  3813 | D:5      | Reached skill level 10 in Maces & Flails
  4209 | D:5      | Found an iron altar of Okawaru.
  4210 | D:5      | Found a shadowy altar of Dithmenos.
  4387 | D:6      | Found a staircase to the Ecumenical Temple.
  4602 | D:6      | Reached skill level 11 in Maces & Flails
  4759 | D:6      | Found a glowing golden altar of the Shining One.
  5047 | D:7      | Reached XP level 9. HP: 71/79 MP: 8/8
  5066 | D:7      | Noticed Pikel
  5093 | D:7      | Killed Pikel
  5093 | D:7      | Reached skill level 12 in Maces & Flails
  5441 | D:7      | Reached **** piety under Trog
  5803 | D:7      | Reached skill level 13 in Maces & Flails
  6004 | D:8      | Noticed Grum
  6032 | D:8      | Killed Grum
  6039 | D:8      | Found a bloodstained altar of Trog.
  6101 | D:8      | Found a white marble altar of Elyvilon.
  6142 | D:8      | Reached XP level 10. HP: 82/90 MP: 9/9
  6157 | D:8      | Noticed mif's ghost (novice MiBe)
  6185 | D:8      | Killed mif's ghost
  6185 | D:8      | Reached skill level 14 in Maces & Flails
  6395 | D:8      | Found a stormy altar of Qazlal.
  6579 | D:8      | Found a burning altar of Makhleb.
  6640 | D:9      | Found a basalt altar of Yredelemnul.
  6655 | D:9      | Found a glowing golden altar of the Shining One.
  6656 | D:9      | Noticed Erolcha
  6659 | D:9      | Paralysed by Erolcha for 7 turns
  6680 | D:9      | Killed Erolcha
  6680 | D:9      | Reached skill level 15 in Maces & Flails
  6890 | D:9      | Found Uqisiheu's Elemental Accessories.
  7048 | D:10     | Entered Level 10 of the Dungeon
  7055 | D:10     | Noticed Nergalle
  7073 | D:10     | Noticed a spectral orc warlord
  7073 | D:10     | Killed Nergalle
  7080 | D:10     | Identified the Reference Book on Transformation
  7141 | D:10     | Found a staircase to the Lair.
  7290 | D:10     | Found a staircase to the Orcish Mines.
  7360 | D:10     | Reached skill level 10 in Fighting
  7376 | D:10     | Got a crystal morningstar
  7377 | D:10     | Identified the cursed +0 morningstar "Zanguheck" {flame, rF+} (You found it on level 10 of the Dungeon)
  7471 | D:10     | Noticed a rust devil
  7487 | D:10     | Reached XP level 11. HP: 98/98 MP: 10/10
  7956 | Orc:1    | Entered Level 1 of the Orcish Mines
  7964 | Orc:1    | Received a gift from Trog
  8140 | Orc:2    | Found Vepebb's Book Emporium.
  8151 | Orc:2    | Reached skill level 16 in Maces & Flails
  8172 | Orc:2    | Reached ***** piety under Trog
  8646 | Orc:3    | Noticed Donald
  8669 | Orc:3    | Killed Donald
  8670 | Orc:3    | Found a staircase to the Elven Halls.
  8715 | Orc:3    | Noticed Harold
  8727 | Orc:3    | Killed Harold
  9086 | Orc:3    | Noticed Josephine
  9105 | Orc:3    | Reached skill level 17 in Maces & Flails
  9105 | Orc:3    | HP: 5/100 [wraith[Josephine] (9)]
  9106 | Orc:3    | Killed from afar by Josephine

Action                   |  1- 3 |  4- 6 |  7- 9 | 10-12 || total
-------------------------+-------+-------+-------+-------++-------
Melee: Mace              |    46 |       |   247 |   147 ||   440
       Flail             |     6 |   120 |    43 |       ||   169
       Morningstar       |       |       |       |   108 ||   108
       Eveningstar       |       |       |       |    61 ||    61
Invok: Trog's Hand       |       |     4 |     3 |    13 ||    20
       Berserk           |       |       |     2 |     7 ||     9
       Burn Spellbooks   |       |       |       |     1 ||     1
       Brothers in Arms  |       |       |       |     1 ||     1
  Use: Potion            |     1 |       |       |       ||     1
       Scroll            |       |     5 |     3 |    10 ||    18
 Stab: Distracted        |       |       |     1 |     1 ||     2
  Eat: Fruit             |     1 |     4 |       |     7 ||    12
       Meat ration       |       |     1 |     1 |     2 ||     4
       Beef jerky        |       |       |     2 |       ||     2
       Bread ration      |       |       |     1 |       ||     1
       Royal jelly       |       |       |       |     3 ||     3
